 Dungeon Crawl Stone Soup version 0.26-a0-949-ga0cc1ef5f6 (webtiles) character file.

Game seed: 17341103857684485360

728 pkoi the Archer (level 7, -1/56 HPs)
             Began as a Minotaur Hunter on Nov 29, 2020.
             Killed from afar by an orc wizard (8 damage)
             ... with a puff of flame
             ... on level 5 of the Dungeon.
             The game lasted 00:06:09 (4946 turns).

pkoi the Archer (Minotaur Hunter)                   Turns: 4946, Time: 00:06:10

Health: -1/56      AC:  4    Str: 19    XL:     7   Next: 44%
Magic:  6/6        EV: 13    Int:  8    God:
Gold:   239        SH:  0    Dex: 10    Spells: 6/6 levels left

rFire    . . .     SeeInvis .   s - +2 dagger (venom)
rCold    . . .     Faith    .   (no shield)
rNeg     . . .     Spirit   .   c - +1 leather armour
rPois    +         Reflect  .   (helmet restricted)
rElec    .         Harm     .   (no cloak)
rCorr    .         Rampage  .   (no gloves)
MR       .....                  (no boots)
Stlth    +.........             (no amulet)
HPRegen  0.18/turn              w - ring of poison resistance
MPRegen  0.10/turn              (no ring)

@: slowed, very slow
A: retaliatory headbutt, horns 2
a: no special abilities


You were on level 5 of the Dungeon.
You visited 2 branches of the dungeon, and saw 6 of its levels.

You collected 239 gold pieces.

Inventory:

Hand Weapons
 a - a +1 shortbow
 b - a +0 short sword
 g - a +3 dagger
 s - a +2 dagger of venom (weapon)
Missiles
 d - 20 arrows
 o - 5 curare-tipped darts (quivered)
Armour
 c - a +1 leather armour (worn)
Jewellery
 w - a ring of poison resistance (left hand)
Wands
 q - a wand of acid (15)
Scrolls
 f - 2 scrolls of amnesia
 h - 2 scrolls of teleportation
 l - a scroll of identify
 n - 3 scrolls of remove curse
 p - a scroll of immolation
 r - a scroll of fear
 x - a scroll of fog
 y - a scroll of enchant weapon {unknown}
Potions
 e - 6 potions of curing
 i - 2 potions of attraction
 j - 2 potions of heal wounds
 k - a potion of might {unknown}
 m - 3 potions of magic {unknown}
 t - 3 potions of degeneration
 u - 4 potions of flight {unknown}
 v - a potion of mutation {unknown}


   Skills:
 - Level 2.4 Fighting
 + Level 9.1 Bows
 + Level 3.0 Armour
 + Level 3.7 Dodging
 - Level 0.7 Stealth


You had 6 spell levels left.
You didn't know any spells.
Your spell library was empty.

Dungeon Overview and Level Annotations

Branches:
Dungeon (5/15)             Temple (1/1) D:5

Altars:
Cheibriados
Fedhas
Gozag
Hepliaklqana
Kikubaaqudgha
Makhleb
Nemelex Xobeh
Okawaru
Qazlal
Ru
Sif Muna
Trog
Uskayaw
Vehumet
Xom
Yredelemnul
Zin
The Shining One

Shops:
D:4 [

Annotations:
D:4 2 runed translucent doors, Glucose's ghost, amateur HuFi


Innate Abilities, Weirdness & Mutations

You reflexively headbutt those who attack you in melee.
You have a pair of horns on your head.


Message History

The weapon returns to the orc!
The orc wizard hits you with a +0 dagger.
The orc closely misses you. You furiously retaliate!
You headbutt the orc, but do no damage.
You hear some strange, mumbled words.
A magic dart appears from out of thin air!
The magic dart hits you!
* * * LOW HITPOINT WARNING * * *
You barely miss the orc wizard.
The orc wizard is moderately wounded.
The orc wizard points at you and mumbles some strange words.
You resist with some effort.
The orc throws a boomerang.
The boomerang completely misses you.
The weapon returns to the orc!
The orc wizard hits you but does no damage.
The orc hits you with a +0 hand axe.
* * * LOW HITPOINT WARNING * * *
You hear some strange, mumbled words.
A puff of flame appears from out of thin air!
The puff of flame hits you!
You die...

#...###.....#
####.#####.....#
........##.....#
♣...#.#...#..#
♣...)...###.#
♣.♣o....## ..#
♣.♣)).## ##
o.♣.♣..# ♣
♣.♣o{@#
♣.♣.?oo...#
♣.♣......!.#
..♣...#.....#
...$.....#.....
#######.##......
#. ..####. #.
###


You could see an orc wizard (fast, very poisoned) and 3 orcs.

Vanquished Creatures
  An ogre (D:4)
  A scorpion (D:5)
  A bullfrog zombie (D:5)
  2 orc priests
  An iguana (D:4)
  Jessica (D:2)
  7 orc wizards (D:4)
  A worker ant (D:3)
  A hound zombie (D:5)
  4 adders (D:3)
  8 gnolls (D:3)
  2 oozes
  2 worms (D:3)
  A leopard gecko (D:3)
  11 orcs
  A ball python (D:2)
  7 bats
  4 giant cockroaches
  8 goblins
  10 hobgoblins
  12 jackals (D:1)
  A quokka (D:3)
  3 frilled lizards
  7 kobolds
  A quokka skeleton (D:4)
  5 rats
103 creatures vanquished.

Notes
Turn   | Place    | Note
-------+----------+-------------------------------------------
     0 | D:1      | pkoi the Minotaur Hunter began the quest for the Orb.
     0 | D:1      | Reached XP level 1. HP: 18/18 MP: 0/0
    72 | D:1      | Reached XP level 2. HP: 11/25 MP: 1/1
   151 | D:1      | Reached skill level 5 in Bows
   591 | D:1      | Reached XP level 3. HP: 30/30 MP: 2/2
  1270 | D:2      | Noticed Jessica
  1278 | D:2      | Killed Jessica
  1279 | D:2      | Reached skill level 6 in Bows
  1279 | D:2      | Reached XP level 4. HP: 37/37 MP: 3/3
  1539 | D:2      | Found a faded altar of an unknown god.
  1987 | D:3      | Found a basalt altar of Yredelemnul.
  2018 | D:3      | Reached skill level 7 in Bows
  2024 | D:3      | Reached XP level 5. HP: 42/42 MP: 4/4
  2090 | D:3      | You fall into a shaft and drop 1 floor!
  2414 | D:4      | Found a runed translucent door.
  2414 | D:4      | Noticed Glucose's ghost (amateur HuFi)
  2469 | D:4      | Found Emeab's Armour Shoppe.
  2472 | D:4      | Noticed an ogre
  3091 | D:3      | Reached skill level 8 in Bows
  3163 | D:3      | Reached XP level 6. HP: 37/50 MP: 5/5
  3751 | D:4      | Reached skill level 1 in Armour
  4134 | D:4      | Found a runed translucent door.
  4215 | D:4      | Reached XP level 7. HP: 35/56 MP: 6/6
  4572 | D:5      | Entered Level 5 of the Dungeon
  4612 | D:5      | Found a staircase to the Ecumenical Temple.
  4626 | D:5      | Reached skill level 9 in Bows
  4637 | Temple   | Entered the Ecumenical Temple
  4929 | D:5      | Found an iron altar of Okawaru.
  4946 | D:5      | Killed from afar by an orc wizard

Illustrated notes

Levels and vault maps discovered:
D:1:      wander_arrival_lonely_grave, layout_rooms, chequers_mini_garden
D:2:      layout_basic, chequers_ecumenical_altar_simple_redux, uniq_jessica
D:3:      layout_loops_ring, lemuel_coloured_pillars_altar, amethyst_killhole
D:4:      layout_rooms, ebering_ghost_sewer_f, serial_shops, shop_statue,
          minmay_fractal_squares_gapless_5
D:5:      layout_layer_cave, okawaru_trees_2, minmay_temple_entry_trees,
          basic_altar
Temple:   eino_temple_rhombus

Skill      XL: |  1  2  3  4  5  6  7 |
---------------+----------------------+-----
Bows           | 5 6 7 8 9 |  9.1
Armour         | 1 3 |  3.0
Dodging        | 3 |  3.7
Fighting       | |  2.4
Stealth        | |  0.7

Action                   |  1- 3 |  4- 6 |  7- 9 || total
-------------------------+-------+-------+-------++-------
Melee: Short sword       |    11 |       |       ||    11
       Headbutt          |     2 |    10 |     4 ||    16
       War axe           |       |    19 |       ||    19
       Dagger            |       |    47 |    43 ||    90
 Fire: Shortbow          |    98 |   135 |       ||   233
Throw: Dart              |       |     7 |       ||     7
  Use: Scroll            |       |     9 |       ||     9
       Potion            |       |     4 |       ||     4
Armor: Leather armour    |    19 |    24 |    17 ||    60
Dodge: Dodged            |    34 |    79 |    45 ||   158

Table legend: (Time is in decaauts)
 A = Elapsed time spent in this place.
 B = Non-inter-level travel time spent in this place.
 C = Inter-level travel time spent in this place.
 D = Time resting spent in this place.
 E = Time spent auto-exploring this place.
 F = Levels seen in this place.
 G = Mean time per level.
                   A        B        C        D        E       F      G
               +--------+--------+--------+--------+--------+-----+--------+
         Total |   4947 |   4832 |    115 |   1639 |   2417 |   6 |  824.5 |
       Dungeon |   4728 |   4629 |     99 |   1639 |   2218 |   5 |  945.6 |
        Temple |    219 |    203 |     16 |      0 |    199 |   1 |  219.0 |
               +--------+--------+--------+--------+--------+-----+--------+

Top non-repeatable levels by time:
     D:4: 1500 daAuts
     D:3: 1334 daAuts
     D:1: 1204 daAuts
     D:2: 530 daAuts
  Temple: 219 daAuts
     D:5: 157 daAuts
